cohdb
Replays
Latest Replays
All Replays
Popular Replays
Top Player Replays
Match Explorer
How It Works
Community
CoH3 Stats
Reddit
Sign in to upload your games and track your stats! →
Sign in with Steam
Match 41312276
Unlisted
Match 41312276
Overview
Messages
Build Orders
End
Scout Squad
Selects Airborne Battlegroup
Selects Heavy Machine Gun Paradrop
Heavy Machine Gun Paradrop
Construct Barracks
Riflemen Squad
Riflemen Squad
Construct Medical Station
Riflemen Squad
Selects Recon Loiter
Grenade Package
Engineer Squad
Mechanized Support Center
Construct Motor Pool
M24 Chaffee Light Tank
Designate Forward Repair Station
Selects Supply Drop
Construct Tank Depot
Selects Carpet Bombing Run
Selects Paratrooper Squad Paradrop
Recon Loiter
M4A1 Sherman Medium Tank
M4A1 76mm Conversion
Supply Drop
Carpet Bombing Run
M4A1(76) Sherman Medium Tank
Esxile
BananaInPajamas
Cpt Darling
jwalker987
0
0
Comments
sign in to comment!
No comments posted yet!